 Dungeon Crawl Stone Soup version 0.19.5 (webtiles) character file.

9734 theElss the Eclecticist (level 11, 0/57 HPs)
             Began as a Deep Elf Conjurer on Apr 23, 2017.
             Was a Believer of Vehumet.
             Slain by an unseen horror (6 damage)
             ... on level 11 of the Dungeon.
             The game lasted 00:46:59 (13623 turns).

theElss the Eclecticist (Deep Elf Conjurer)        Turns: 13623, Time: 00:46:59

Health: 0/57       AC:  6    Str: 15    XL:     11   Next: 26%
Magic:  16/41      EV: 14    Int: 23    God:    Vehumet [**....]
Gold:   665        SH:  4    Dex: 12    Spells: 4 memorised, 28 levels left

rFire  + . .     SeeInvis .     K - +2 whip (flame)
rCold  . . .     Gourm    .     S - +1 robe of Erioveg {rF+ Regen+ Str+6 Dex-3}
rNeg   . . .     Faith    .     (no shield)
rPois  .         Spirit   .     H - +0 helmet
rElec  .         Reflect  +     l - +0 cloak
rCorr  .         Harm     .     E - +0 pair of gloves
MR     +....                    (no boots)
Stlth  +.........               v - +4 amulet of reflection
                                V - ring of the Disturbing Mice {MP+9 Str+3}
                                Z - ring of loudness (curse)

@: no status effects
A: no striking features
a: Renounce Religion


You were on level 11 of the Dungeon.
You worshipped Vehumet.
Vehumet was pleased with you.
You were not hungry.

You visited 2 branches of the dungeon, and saw 12 of its levels.

You collected 700 gold pieces.
You spent 35 gold pieces at shops.

Inventory:

Hand Weapons
 K - a +2 whip of flaming (weapon)
Armour
 l - a +0 cloak (worn)
 E - a +0 pair of gloves (worn)
 H - a +0 helmet (worn)
 M - a +0 shield
 S - the +1 robe of Erioveg (worn) {rF+ Regen+ Str+6 Dex-3}
   (You found it on level 9 of the Dungeon)

   It affects your strength (+6).
   It affects your dexterity (-3).
   It protects you from fire.
   It increases your rate of regeneration.
Magical Staves
 o - an uncursed staff of air
Jewellery
 f - an uncursed amulet of rage
 i - an uncursed amulet of harm
 s - a +2 ring of intelligence
 v - a +4 amulet of reflection (around neck)
 C - an uncursed amulet of regeneration
 N - the amulet "Bunuif" {Harm *Drain rPois Stlth+}
   (You found it on level 7 of the Dungeon)

   [amulet of harm]

   It increases damage dealt and taken.
   It protects you from poison.
   It causes draining when unequipped.
   It makes you more stealthy.
 V - the ring of the Disturbing Mice (right hand) {MP+9 Str+3}
   (You found it on level 9 of the Dungeon)

   [ring of magical power]

   It affects your strength (+3).
   It affects your magic capacity (+9).
 Z - a cursed ring of loudness (left hand)
Wands
 d - a wand of paralysis (15/24)
 P - a wand of slowing (35/48)
 Q - a wand of lightning (7/15)
 T - a wand of heal wounds (4/9)
 W - a wand of flame (3/48)
Scrolls
 j - 2 scrolls of noise {unknown}
 k - 2 scrolls of recharging
 n - 7 scrolls of remove curse
 q - 2 scrolls of fog
 y - 4 scrolls of fear
 A - 4 scrolls of teleportation
 B - 5 scrolls of magic mapping
 D - 3 scrolls of enchant weapon
 G - a scroll of blinking {unknown}
 J - 2 scrolls of amnesia
 O - a scroll of random uselessness {unknown}
 R - 2 scrolls of enchant armour {unknown}
 X - a scroll of acquirement {unknown}
Potions
 e - a potion of brilliance
 g - a potion of heal wounds
 m - 2 potions of cure mutation
 p - a potion of agility {unknown}
 r - 2 potions of might
 u - a potion of resistance {unknown}
 w - 2 potions of invisibility {unknown}
 x - 3 potions of curing
 z - 2 potions of ambrosia
 I - 4 potions of flight
Books
 b - a book of Conjurations

   Spells                             Type                      Level
   a - Magic Dart                     Conjuration                  1
   b - Searing Ray                    Conjuration                  2
   c - Dazzling Spray                 Conjuration/Hexes            3
   d - Fulminant Prism                Conjuration/Hexes            4
   e - Iskenderun's Mystic Blast      Conjuration                  4
   f - Iskenderun's Battlesphere      Conjuration/Charms           5
Comestibles
 a - 6 chunks of flesh
 c - 8 bread rations
 h - 9 beef jerkies
 t - 3 meat rations
 F - 4 slices of pizza
 L - 10 royal jellies


   Skills:
 + Level 2.1 Fighting
 + Level 5.3 Dodging
 - Level 2.4 Stealth
 - Level 3.1 Shields
 + Level 15.0 Spellcasting
 + Level 12.8 Conjurations
 - Level 1.3 Charms


You had 28 spell levels left.
You knew the following spells:

 Your Spells              Type           Power        Failure   Level  Hunger
a - Magic Dart            Conj           ####         0%          1    None
b - Iskenderun's Battles  Conj/Chrm      #####...     8%          5    ##.....
c - Searing Ray           Conj           ######       1%          2    None
d - Iskenderun's Mystic   Conj           ######..     1%          4    None


Dungeon Overview and Level Annotations

Branches:
Dungeon (11/15)            Temple (1/1) D:6             Orc (0/2) D:9
   Lair: D:8-11

Altars:
Ashenzari
Cheibriados
Dithmenos
Elyvilon
Fedhas
Gozag
Hepliaklqana
Kikubaaqudgha
Makhleb
Nemelex Xobeh
Okawaru
Qazlal
Ru
Sif Muna
Trog
Uskayaw
Vehumet
Xom
Yredelemnul
Zin
The Shining One

Shops:
D:7 *   D:8 **   D:10 [


Message History

Something hits you. Something barely misses you.
Something hits you but does no damage. Something hits you.
Something hits you but does no damage.
You open the door. Something hits you.
An orc comes into view.
The orc shouts!
You block something's attack.
There is an open door here.
Okay, then.
As you read the scroll of fog, it crumbles to dust.
The scroll dissolves into smoke.
Something hits you!
* * * LOW HITPOINT WARNING * * *
Unknown command.
Casting: Iskenderun's Mystic Blast
Confirm with . or Enter, or press ? or * to list all spells.
You conjure a globe of magical energy.
Something hits you!
* * * LOW HITPOINT WARNING * * *
Something hits you.
You die...

#....##.......
#.....#....##.....#
#.....#....##....>#
#.....#...(.......##
#.....#....))......#
#.....#....##......#
+...§.#§§..##......#
#....§#§§).#.....<.#
#....§@{§..##.....##
#....§#*..)########
#...§§#...........
#.....#...........
#.....#....##.....
+.....#....# .....
#.o...#..... ....
......#...... ...
#..... ...


You could see a friendly battlesphere.

Vanquished Creatures
  The ghost of Alabastor the Cleaver, a novice HOFi of Qazlal (D:9)
  The ghost of mike2R the Destroyer, a novice DECj of Sif Muna (D:10)
  An unseen horror (D:10)
  Pikel (D:5)
  2 hill giants
  A manticore (D:10)
  Joseph (D:10)
  2 hornets
  2 two-headed ogres
  A hippogriff (D:7)
  Sigmund (D:3)
  A wyvern (D:9)
  A wraith (D:10)
  A hungry ghost (D:9)
  An ice beast (D:8)
  A swamp drake (D:9)
  3 sky beasts
  2 slaves (D:5)
  5 orc warriors
  2 phantoms
  4 ogres
  5 centaurs
  A big kobold (D:4)
  2 gnoll sergeants
  5 bullfrogs
  6 scorpions
  4 killer bees (D:7)
  3 howler monkeys (D:9)
  3 vampire bats (D:3)
  An electric eel (D:7)
  7 crimson imps
  4 jellies
  2 centaur skeletons
  2 bullfrog skeletons
  5 orc priests
  8 hounds
  4 orc wizards
  Jessica (D:3)
  Terence (D:3)
  An iguana (D:6)
  5 worker ants
  2 hound skeletons
  A worker ant zombie (D:10)
  10 gnolls
  2 adders
  A shadow imp (D:10)
  6 oozes
  2 adder skeletons (D:6)
  3 adder zombies
  4 worms
  15 dart slugs
  4 leopard geckos
  32 orcs
  3 ball pythons
  13 bats
  3 bat skeletons (D:3)
  3 bat zombies (D:3)
  11 giant cockroaches
  11 goblins
  6 hobgoblins
  15 jackals
  4 quokkas
  4 frilled lizards (D:1)
  A giant cockroach zombie (D:5)
  10 kobolds
  A leopard gecko skeleton (D:7)
  2 quokka zombies
  37 rats
311 creatures vanquished.

Vanquished Creatures (others)
  A slave (D:5)
  A wyvern skeleton (D:9)
  An orc priest (D:5)
  2 orc wizards (D:9)
  2 orcs (D:5)
  A fulminant prism (D:10)
8 creatures vanquished.

Grand Total: 319 creatures vanquished

Notes
Turn   | Place    | Note
-------+----------+-------------------------------------------
     0 | D:1      | theElss the Deep Elf Conjurer began the quest for the Orb.
     0 | D:1      | Reached XP level 1. HP: 10/10 MP: 6/6
   316 | D:1      | Reached XP level 2. HP: 15/15 MP: 6/8
   338 | D:1      | Learned a level 2 spell: Searing Ray
   429 | D:1      | Reached skill level 5 in Conjurations
   852 | D:1      | Reached XP level 3. HP: 19/19 MP: 7/10
  1224 | D:2      | Found a faded altar of an unknown god.
  1330 | D:2      | Reached skill level 4 in Spellcasting
  1622 | D:2      | Reached XP level 4. HP: 24/24 MP: 9/12
  1649 | D:2      | Learned a level 4 spell: Iskenderun's Mystic Blast
  1869 | D:3      | Noticed Terence
  1877 | D:3      | Killed Terence
  2172 | D:3      | You fall through a shaft for 2 floors!
  2172 | D:5      | Entered Level 5 of the Dungeon
  2182 | D:5      | Found a basalt altar of Yredelemnul.
  2182 | D:5      | Found a snail-covered altar of Cheibriados.
  2268 | D:5      | Reached XP level 5. HP: 18/28 MP: 8/14
  2369 | D:5      | Noticed a phantom
  2388 | D:5      | Killed a phantom
  2388 | D:5      | Reached skill level 5 in Spellcasting
  2532 | D:4      | Noticed an ogre
  2591 | D:4      | Reached skill level 6 in Spellcasting
  2591 | D:4      | Reached XP level 6. HP: 32/32 MP: 6/17
  2598 | D:4      | Learned a level 5 spell: Iskenderun's Battlesphere
  3635 | D:3      | Noticed Jessica
  3636 | D:3      | Killed Jessica
  3887 | D:3      | Found an ancient bone altar of Kikubaaqudgha.
  3930 | D:3      | Reached skill level 7 in Spellcasting
  3935 | D:3      | Noticed Sigmund
  3939 | D:3      | Killed Sigmund
  3939 | D:3      | Reached XP level 7. HP: 36/36 MP: 6/20
  4114 | D:3      | Found a stormy altar of Qazlal.
  4258 | D:3      | Found a faded altar of an unknown god.
  4258 | D:3      | Found a sacrificial altar of Ru.
  4266 | D:3      | Found a faded altar of an unknown god.
  4269 | D:3      | Found a faded altar of an unknown god.
  4271 | D:3      | Found a faded altar of an unknown god.
  4547 | D:4      | Reached skill level 8 in Spellcasting
  4661 | D:4      | Noticed a dagger
  4662 | D:4      | Found a hide-covered altar of Uskayaw.
  4662 | D:4      | Noticed an enchanted dagger
  5244 | D:5      | Noticed Pikel
  5285 | D:5      | Killed Pikel
  5285 | D:5      | Reached skill level 1 in Fighting
  5285 | D:5      | Reached skill level 9 in Spellcasting
  5285 | D:5      | Reached XP level 8. HP: 25/43 MP: 0/23
  5651 | D:5      | Found a glowing silver altar of Zin.
  5689 | D:5      | Reached skill level 10 in Spellcasting
  5961 | D:6      | Noticed a hill giant
  6333 | D:6      | Killed a hill giant
  6333 | D:6      | Reached skill level 11 in Spellcasting
  6333 | D:6      | Reached skill level 10 in Conjurations
  6333 | D:6      | Reached XP level 9. HP: 47/47 MP: 0/26
  6607 | D:6      | Found a staircase to the Ecumenical Temple.
  6613 | Temple   | Entered the Ecumenical Temple
  7470 | D:7      | Reached skill level 12 in Spellcasting
  7547 | D:7      | Reached skill level 1 in Charms
  8351 | D:7      | Reached skill level 1 in Shields
  8622 | D:7      | Found a radiant altar of Vehumet.
  8632 | D:7      | Became a worshipper of Vehumet
  8687 | D:7      | Found Saniej's General Store.
  8695 | D:7      | Bought a potion of mutation for 35 gold pieces
  8896 | D:7      | Got a pitted copper amulet
  8898 | D:7      | Identified the amulet "Bunuif" {Harm *Drain rPois Stlth+} (You found it on level 7 of the Dungeon)
  9233 | D:7      | Reached XP level 10. HP: 52/52 MP: 21/28
  9261 | D:8      | Found Ingynn's Assorted Antiques.
  9830 | D:8      | Found Xuh Ceyn's Assorted Antiques.
 10020 | D:8      | Reached skill level 13 in Spellcasting
 10450 | D:9      | Reached * piety under Vehumet
 10450 | D:9      | Offered knowledge of Shock by Vehumet.
 10472 | D:9      | Got a distressingly furry robe
 10605 | D:9      | Found a radiant altar of Vehumet.
 10620 | D:9      | Got a wavering granite ring
 10990 | D:9      | Noticed Alabastor's ghost (novice HOFi)
 11520 | D:9      | Found a staircase to the Orcish Mines.
 11680 | D:9      | Found a radiant altar of Vehumet.
 11712 | D:9      | Reached skill level 14 in Spellcasting
 11838 | D:9      | Found a staircase to the Orcish Mines.
 12011 | D:9      | Reached ** piety under Vehumet
 12121 | D:9      | Killed Alabastor's ghost
 12121 | D:9      | Reached skill level 5 in Dodging
 12262 | D:10     | Entered Level 10 of the Dungeon
 12318 | D:10     | Noticed mike2R's ghost (novice DECj)
 12322 | D:10     | Killed mike2R's ghost
 12322 | D:10     | Offered knowledge of Sting by Vehumet.
 12614 | D:10     | Killed an unseen horror
 12614 | D:10     | Reached XP level 11. HP: 56/57 MP: 28/31
 12696 | D:10     | Found Xodielio's Antique Armour Emporium.
 12965 | D:10     | Noticed a hill giant
 12971 | D:10     | Killed a hill giant
 13292 | D:10     | Noticed Joseph
 13297 | D:10     | Killed Joseph
 13502 | D:10     | Identified the ring of the Disturbing Mice {MP+9 Str+3} (You found it on level 9 of the Dungeon)
 13516 | D:10     | Identified the +1 robe of Erioveg {rF+ Regen+ Str+6 Dex-3} (You found it on level 9 of the Dungeon)
 13597 | D:11     | Reached skill level 15 in Spellcasting
 13623 | D:11     | Slain by an unseen horror

Skill      XL: |  1  2  3  4  5  6  7  8  9 10 11 |
---------------+----------------------------------+-----
Conjurations   | 5 6 7 8 10 12 | 12.8
Spellcasting   | 4 6 7 9 11 12 14 15 | 15.0
Dodging        | 3 5 |  5.3
Fighting       | 1 2 |  2.1
Charms         | 1 |  1.3
Shields        | 2 3 |  3.1
Stealth        | |  2.4

Action                   |  1- 3 |  4- 6 |  7- 9 | 10-12 || total
-------------------------+-------+-------+-------+-------++-------
Melee: Dagger            |       |       |    24 |       ||    24
       Whip              |       |       |     5 |     6 ||    11
 Cast: Magic Dart        |    88 |    95 |   114 |    71 ||   368
       Searing Ray       |     4 |    13 |    24 |     7 ||    48
       Iskenderun's Myst |       |    12 |    61 |    88 ||   161
       Iskenderun's Batt |       |       |     3 |    13 ||    16
  Use: Scroll            |       |       |    14 |     4 ||    18
       Potion            |       |       |     1 |       ||     1
  Eat: Chunk             |     2 |     8 |    16 |    14 ||    40
       Beef jerky        |       |       |     1 |       ||     1
Armor: Robe              |     5 |     7 |    11 |    12 ||    35
Dodge: Dodged            |     7 |    17 |    49 |    34 ||   107
Block: Shield            |       |       |     8 |       ||     8
       Other             |       |       |     5 |     6 ||    11
       Reflection        |       |       |     1 |       ||     1
